 Dungeon Crawl Stone Soup version 0.29.0-4-gdea44cf6ec (webtiles) character file.

Game seed: 7300567016639006016

9676 qw the Severer (level 11, -2/95 HPs)
             Began as a Minotaur Fighter on Sept 4, 2022.
             Was a Priest of Ru.
             Slain by a manticore (5 damage)
             ... on level 13 of the Dungeon.
             The game lasted 00:03:30 (11139 turns).

qw the Severer (Minotaur Fighter)                  Turns: 11139, Time: 00:03:31

Health: -2/95      AC: 15    Str: 25    XL:     11   Next: 26%
Magic:  10/10      EV:  7    Int:  5    God:    Ru [***...]
Gold:   568        SH:  5    Dex: 10    Spells: 10/10 levels left

rFire   + . .      SeeInvis .   Y - +1 war axe (flame)
rCold   . . .      Faith    .   c - +0 buckler
rNeg    . . .      Spirit   .   i - +0 plate armour
rPois   .          Reflect  .   (helmet restricted)
rElec   .          Harm     .   (no cloak)
rCorr   .          Rampage  .   b - +0 pair of gloves
Will    .....                   e - +0 pair of boots
Stlth   ..........              (no amulet)
HPRegen 0.25/turn               g - ring of protection from fire
MPRegen 0.12/turn               (no ring)

@: about to teleport
A: horns 2, no stealth, no conjurations magic, no ice magic, no transmutations
magic, unskilled 1, retaliatory headbutt
a: Renounce Religion, Draw Out Power


You were on level 13 of the Dungeon.
You worshipped Ru.
Ru was most pleased with you.
You visited 2 branches of the dungeon, and saw 12 of its levels.

You collected 568 gold pieces.


Innate Abilities, Weirdness & Mutations

You have a pair of horns on your head.
You cannot be stealthy.
You cannot study or cast Conjurations magic.
You cannot study or cast Ice magic.
You cannot study or cast Transmutations magic.
You are somewhat unskilled. (-1 Apt)
You reflexively headbutt those who attack you in melee.


   Skills:
 + Level 8.5 Fighting
 - Level 15.2 Axes
 - Level 1.0 Throwing
 - Level 7.0 Armour
 - Level 3.3 Dodging
 - Level 6.0 Shields


You had 10 spell levels left.
You didn't know any spells.
Your spell library was empty.

Inventory:

Hand Weapons
 Y - a +1 war axe of flaming (weapon)
Armour
 b - a +0 pair of gloves (worn)
 c - a +0 buckler (worn)
 e - a +0 pair of boots (worn)
 i - a +0 plate armour (worn)
 l - a +0 cloak
Jewellery
 g - a ring of protection from fire (left hand)
Scrolls
 f - 3 scrolls of identify
Potions
 d - 4 potions of might
 h - 2 potions of curing
 j - a potion of haste
 k - 3 potions of mutation

Dungeon Overview and Level Annotations

Branches:
Dungeon (10/15)            Temple (1/1) D:4            Lair (0/5) D:9
    Orc (0/2) D:9

Altars:
Ashenzari
Elyvilon
Fedhas
Kikubaaqudgha
Makhleb
Nemelex Xobeh
Okawaru
Qazlal
Ru
Trog
Uskayaw
Vehumet
Wu Jian
Zin

Shops:
D:8 *

Annotations:
D:9 3 runed translucent doors
D:13 36 runed doors


Message History

The slime creature is almost dead.
You hit the manticore. You burn the manticore. You hit the slime creature.
You burn the slime creature.
You carefully extract the barbed spikes from your body.
The slime creature hits you but does no damage.
The slime creature hits you! You block the manticore's attack.
The manticore claws you.
The manticore claws you but does no damage.
You completely miss the slime creature. You headbutt the slime creature.
You kill the slime creature!
You closely miss the manticore. You slash the slime creature!
You burn the slime creature. The slime creature barely misses you.
The manticore barely misses you.
The manticore claws you but does no damage.
The manticore claws you!
You slash the slime creature! You burn the slime creature.
Your headbutt misses the slime creature.
The slime creature is heavily wounded.
You hit the manticore. You burn the manticore.
You block the slime creature's attack.
You barely miss the slime creature.
The slime creature is heavily wounded.
You closely miss the manticore. The manticore bites you.
The manticore closely misses you.
The manticore claws you but does no damage.
You slash the slime creature! You burn the slime creature.
The slime creature is almost dead.
You slash the manticore! You burn the manticore.
The slime creature is stunned by your conviction and fails to attack.
The manticore bites you!
The manticore claws you but does no damage.
The manticore claws you.
11139 ||| READING scroll of teleportation.
As you read the scroll of teleportation, it crumbles to dust.
You feel strangely unstable.
The slime creature hits you but does no damage.
The manticore bites you!
The manticore claws you but does no damage.
The manticore claws you.
You die...

... ..[ .. .. .# ###.
.#......
##########H..##...
##........@J.......
####).#####.##.#.###.#
#.............(#.# #.#
#................###.###.#
#..++++++++++............#
#..+ +..#.###.###### #..+
+..#..........# #..+
+.^#....##.##.# #..+
+.....#.##.##.#


You could see a slime creature and a manticore.

Vanquished Creatures
  Kirke (D:13)
  A two-headed ogre (D:9)
  A centaur warrior (D:13)
  A necromancer (D:9)
  An ugly thing (D:13)
  3 slime creatures (D:13)
  Grinder (D:6)
  A wraith (D:9)
  Grum (D:8)
  4 hogs (D:13)
  6 vampire mosquitoes
  3 wargs (D:9)
  An acid dragon (D:13)
  A water moccasin (D:8)
  3 ice beasts
  2 orc warriors (D:9)
  2 sky beasts
  A black bear (D:7)
  3 wolves (D:8)
  2 ogres (D:7)
  2 centaurs
  A phantom (D:4)
  2 kobold brigands
  A necrophage (D:4)
  4 bullfrogs
  3 scorpions
  5 wights (D:6)
  6 howler monkeys
  3 killer bees (D:9)
  A lava snake (D:8)
  7 orc priests
  A gnoll bouda (D:6)
  7 hounds
  3 iguanas
  10 orc wizards
  3 wolf simulacra (D:9)
  A polar bear simulacrum (D:9)
  A yak simulacrum (D:9)
  8 adders
  8 gnolls
  A river rat (D:5)
  A shadow imp (D:7)
  4 white imps
  3 worms
  3 dart slugs
  16 orcs
  5 ball pythons
  9 endoplasms
  13 giant cockroaches
  11 goblins
  7 hobgoblins
  A jackal (D:3)
  13 kobolds
  2 quokkas
  5 bats
  3 frilled lizards
  7 rats
  6 river rat simulacra (D:9)
226 creatures vanquished.

Vanquished Creatures (others)
  A human (D:13)
  2 plants (D:9)
3 creatures vanquished.

Grand Total: 229 creatures vanquished

Notes
Turn   | Place    | Note
-------+----------+-------------------------------------------
     0 | D:1      | qw the Minotaur Fighter began the quest for the Orb.
     0 | D:1      | Reached XP level 1. HP: 19/19 MP: 0/0
     0 | D:1      | 0 ||| qw: Version: 0.1-a-103-gd6f5d3a
     0 | D:1      | 0 ||| qw: Game counter: 5630
     0 | D:1      | 0 ||| qw: Always use a shield: true
     0 | D:1      | 0 ||| qw: God list: Ru
     0 | D:1      | 0 ||| qw: Allow faded altars: false
     0 | D:1      | 0 ||| qw: Do Orc after D:15 true
     0 | D:1      | 0 ||| qw: Do second Lair branch before Depths: true
     0 | D:1      | 0 ||| qw: Lair rune preference: random
     0 | D:1      | 0 ||| qw: Plans: Normal
     0 | D:1      | 0 ||| PLANNING D:1-11
    96 | D:1      | Reached skill level 3 in Axes
   132 | D:1      | 132 ||| Stepping randomly (stuck).
   147 | D:1      | Reached XP level 2. HP: 26/26 MP: 1/1
   368 | D:1      | Reached skill level 4 in Axes
   843 | D:1      | 843 ||| READING 2 scrolls labelled POICWUNAPH.
   988 | D:1      | 988 ||| DRINKING 2 glowing golden potions.
  1037 | D:1      | 1037 ||| DROPPING scroll of torment.
  1038 | D:1      | 1038 ||| DROPPING potion of lignification.
  1144 | D:2      | Reached XP level 3. HP: 31/31 MP: 2/2
  1553 | D:2      | 1553 ||| Stepping ~*~*~tactically~*~*~ (stealth).
  1558 | D:2      | 1558 ||| Stepping ~*~*~tactically~*~*~ (stealth).
  1572 | D:2      | 1572 ||| Stepping ~*~*~tactically~*~*~ (stealth).
  1574 | D:2      | 1574 ||| Stepping ~*~*~tactically~*~*~ (stealth).
  1605 | D:2      | 1605 ||| Stepping ~*~*~tactically~*~*~ (stealth).
  1614 | D:2      | Reached skill level 5 in Axes
  1808 | D:2      | 1808 ||| Stepping ~*~*~tactically~*~*~ (stealth).
  1815 | D:2      | Reached skill level 1 in Dodging
  1815 | D:2      | Reached XP level 4. HP: 36/39 MP: 3/3
  1943 | D:2      | 1943 ||| READING scroll labelled FIXUCOHEENN.
  1946 | D:2      | 1946 ||| READING 2 scrolls labelled QEONYOLOSO.
  1947 | D:2      | 1947 ||| DRINKING 2 sedimented red potions.
  1948 | D:2      | 1948 ||| DRINKING 2 purple potions.
  1949 | D:2      | 1949 ||| DROPPING potion of magic.
  1976 | D:1      | 1976 ||| Stepping randomly (stuck).
  2140 | D:3      | Noticed a sky beast
  2144 | D:3      | Killed a sky beast
  2145 | D:3      | Reached skill level 6 in Axes
  2145 | D:3      | Reached XP level 5. HP: 45/45 MP: 4/4
  2177 | D:3      | 2177 ||| Stepping ~*~*~tactically~*~*~ (stealth).
  2193 | D:3      | 2193 ||| Stepping ~*~*~tactically~*~*~ (hiding).
  2425 | D:3      | 2425 ||| Stepping ~*~*~tactically~*~*~ (stealth).
  2457 | D:3      | 2457 ||| Stepping ~*~*~tactically~*~*~ (stealth).
  2499 | D:3      | 2499 ||| DROPPING +0 whip.
  2753 | D:3      | 2753 ||| UPGRADING to +0 pair of boots.
  2758 | D:3      | 2758 ||| DROPPING orb of mayhem.
  2759 | D:3      | 2759 ||| READING scroll labelled OFAEKIJ RIMN.
  2808 | D:4      | Reached skill level 7 in Axes
  2823 | D:4      | 2823 ||| Stepping ~*~*~tactically~*~*~ (hiding).
  2826 | D:4      | 2826 ||| Stepping ~*~*~tactically~*~*~ (hiding).
  2835 | D:4      | Reached XP level 6. HP: 47/52 MP: 5/5
  2837 | D:4      | 2837 ||| Stepping ~*~*~tactically~*~*~ (stealth).
  2841 | D:4      | 2841 ||| FLEEEEING.
  2842 | D:4      | 2842 ||| FLEEEEING.
  2843 | D:4      | 2843 ||| FLEEEEING.
  2852 | D:4      | 2852 ||| STAIRDANCE
  2957 | D:4      | Reached skill level 8 in Axes
  2980 | D:4      | Found a staircase to the Ecumenical Temple.
  2981 | D:4      | 2981 ||| PLANNING TEMPLE
  2981 | D:4      | 2981 ||| READING 3 scrolls of identify.
  2981 | D:4      | 2981 ||| IDENTIFYING ruby potion
  2982 | D:4      | 2982 ||| READING 2 scrolls of identify.
  2982 | D:4      | 2982 ||| IDENTIFYING smoky clear potion
  2983 | D:4      | 2983 ||| DROPPING potion of ambrosia.
  2984 | D:4      | 2984 ||| DROPPING potion of degeneration.
  2989 | Temple   | Entered the Ecumenical Temple
  3003 | Temple   | Became a worshipper of Ru the Awakened
  3006 | Temple   | 3006 ||| PLANNING D:1-11
  3232 | D:4      | HP: 10/52 [gnoll/+0 club (7)]
  3498 | D:4      | Noticed an ice beast
  3505 | D:4      | Killed an ice beast
  3506 | D:4      | Reached skill level 9 in Axes
  3506 | D:4      | Reached XP level 7. HP: 52/59 MP: 6/6
  3795 | D:4      | 3795 ||| UPGRADING to +0 chain mail.
  3805 | D:4      | 3805 ||| DROPPING +0 scale mail.
  3806 | D:4      | 3806 ||| READING 2 scrolls labelled DIKAZI FYCES.
  3807 | D:4      | 3807 ||| READING scroll labelled YBLUIDUMMOWK.
  3808 | D:4      | 3808 ||| READING 2 scrolls of identify.
  3808 | D:4      | 3808 ||| IDENTIFYING amethyst potion
  3809 | D:4      | 3809 ||| DROPPING scroll of blinking.
  3830 | D:5      | Entered Level 5 of the Dungeon
  3831 | D:5      | 3831 ||| PLANNING SEWER
  4028 | D:5      | 4028 ||| FLEEEEING.
  4029 | D:5      | 4029 ||| FLEEEEING.
  4032 | D:5      | 4032 ||| FLEEEEING.
  4229 | D:5      | 4229 ||| Stepping ~*~*~tactically~*~*~ (stealth).
  4357 | D:5      | Reached skill level 10 in Axes
  4418 | D:5      | 4418 ||| INVOKING Sacrifice Arcana.
  4418 | D:5      | Gained mutation: You cannot study or cast Ice magic. [Ru
                  | sacrifice]
  4418 | D:5      | Gained mutation: You cannot study or cast Transmutations
                  | magic. [Ru sacrifice]
  4418 | D:5      | Gained mutation: You cannot study or cast Conjurations
                  | magic. [Ru sacrifice]
  4418 | D:5      | Reached * piety under Ru
  4574 | D:5      | 4574 ||| RIP SEWER
  4580 | D:5      | 4580 ||| PLANNING D:1-11
  4602 | D:5      | 4602 ||| READING 4 scrolls of identify.
  4602 | D:5      | 4602 ||| IDENTIFYING orange potion
  4603 | D:5      | 4603 ||| READING 3 scrolls of identify.
  4603 | D:5      | 4603 ||| IDENTIFYING green potion
  4604 | D:5      | 4604 ||| READING 2 scrolls of identify.
  4604 | D:5      | 4604 ||| IDENTIFYING pink potion
  4605 | D:5      | 4605 ||| DROPPING potion of attraction.
  4606 | D:5      | 4606 ||| DROPPING potion of brilliance.
  4686 | D:6      | Reached skill level 1 in Throwing
  4738 | D:6      | 4738 ||| FLEEEEING.
  4739 | D:6      | 4739 ||| FLEEEEING.
  4740 | D:6      | 4740 ||| FLEEEEING.
  4741 | D:6      | 4741 ||| FLEEEEING.
  4742 | D:6      | 4742 ||| FLEEEEING.
  4743 | D:6      | 4743 ||| FLEEEEING.
  4744 | D:6      | 4744 ||| FLEEEEING.
  4753 | D:6      | 4753 ||| FLEEEEING.
  4754 | D:6      | 4754 ||| STAIRDANCE
  4804 | D:5      | 4804 ||| UPGRADING to +0 pair of gloves.
  5074 | D:6      | 5074 ||| Stepping ~*~*~tactically~*~*~ (hiding).
  5086 | D:6      | Reached XP level 8. HP: 30/69 MP: 7/7
  5541 | D:6      | Reached skill level 6 in Fighting
  5713 | D:6      | Found a glowing silver altar of Zin.
  5783 | D:6      | 5783 ||| SWAPPING to +1 war axe of flaming.
  5784 | D:6      | 5784 ||| DROPPING +0 flail.
  5785 | D:6      | 5785 ||| DROPPING +0 war axe.
  5872 | D:6      | 5872 ||| Stepping ~*~*~tactically~*~*~ (stealth).
  5893 | D:6      | 5893 ||| FLEEEEING.
  5900 | D:6      | Reached skill level 11 in Axes
  6220 | D:6      | Noticed Grinder
  6233 | D:6      | Killed Grinder
  6234 | D:6      | Reached skill level 3 in Dodging
  6384 | D:7      | 6384 ||| STAIRDANCE
  6390 | D:7      | 6390 ||| STAIRDANCE
  6415 | D:7      | 6415 ||| STAIRDANCE
  6429 | D:7      | 6429 ||| STAIRDANCE
  6483 | D:7      | 6483 ||| Stepping ~*~*~tactically~*~*~ (stealth).
  6484 | D:7      | 6484 ||| Stepping ~*~*~tactically~*~*~ (stealth).
  6496 | D:7      | 6496 ||| Stepping ~*~*~tactically~*~*~ (hiding).
  6502 | D:7      | 6502 ||| DRINKING potion of curing.
  6502 | D:7      | 6502 ||| (to cure confusion)
  6713 | D:7      | Reached XP level 9. HP: 78/78 MP: 8/8
  6895 | D:7      | Reached skill level 12 in Axes
  7474 | D:7      | 7474 ||| INVOKING Sacrifice Skill.
  7474 | D:7      | Gained mutation: You are somewhat unskilled. (-1 Apt) [Ru
                  | sacrifice]
  7474 | D:7      | Reduced skill Fighting to level 6
  7474 | D:7      | Reduced skill Axes to level 11
  7474 | D:7      | Reduced skill Shields to level 3
  7474 | D:7      | Reached ** piety under Ru
  7565 | D:7      | 7565 ||| READING 2 scrolls labelled JUOGGE BEOCYX.
  7566 | D:7      | 7566 ||| DROPPING scroll of poison.
  7567 | D:7      | 7567 ||| READING scroll of teleportation.
  7607 | D:8      | 7607 ||| Stepping ~*~*~tactically~*~*~ (hiding).
  7608 | D:8      | 7608 ||| Stepping ~*~*~tactically~*~*~ (hiding).
  7626 | D:8      | 7626 ||| Stepping ~*~*~tactically~*~*~ (stealth).
  7627 | D:8      | 7627 ||| Stepping ~*~*~tactically~*~*~ (stealth).
  7635 | D:8      | Identified the +6 flail "Vidygem" {venom, *Noise rElec
                  | Str+4}
  7637 | D:8      | HP: 19/78 [vampire mosquito (3)]
  7638 | D:8      | 7638 ||| DRINKING potion of heal wounds.
  7642 | D:8      | Reached skill level 12 in Axes
  7665 | D:8      | 7665 ||| Stepping ~*~*~tactically~*~*~ (stealth).
  7908 | D:8      | 7908 ||| Stepping ~*~*~tactically~*~*~ (stealth).
  7938 | D:8      | Noticed Grum
  7953 | D:8      | HP: 3/79 [Grum/+1 vorpal spear (19)]
  7956 | D:8      | Killed Grum
  8519 | D:8      | Reached skill level 13 in Axes
  8519 | D:8      | Reached XP level 10. HP: 86/86 MP: 9/9
  8529 | D:8      | 8529 ||| Stepping ~*~*~tactically~*~*~ (stealth).
  8606 | D:8      | Found Ynivelot's Lightly-Used Armoury.
  8637 | D:8      | 8637 ||| SHOPLISTING -2 crystal plate armour (1050 gold,
                  | have 354).
  8637 | D:8      | 8637 ||| SHOPLISTING -2 pearl dragon scales (1350 gold,
                  | have 354).
  8830 | D:8      | 8830 ||| UPGRADING to +0 plate armour.
  8840 | D:8      | 8840 ||| DROPPING +0 chain mail.
  8841 | D:8      | 8841 ||| DROPPING +1 ring mail of fire resistance.
  8888 | D:9      | 8888 ||| Stepping ~*~*~tactically~*~*~ (hiding).
  8889 | D:9      | 8889 ||| Stepping ~*~*~tactically~*~*~ (hiding).
  8891 | D:9      | 8891 ||| Stepping ~*~*~tactically~*~*~ (hiding).
  8901 | D:9      | 8901 ||| Stepping ~*~*~tactically~*~*~ (hiding).
  8902 | D:9      | 8902 ||| Stepping ~*~*~tactically~*~*~ (hiding).
  9019 | D:9      | 9019 ||| Stepping ~*~*~tactically~*~*~ (stealth).
  9056 | D:9      | Reached skill level 6 in Armour
  9318 | D:9      | Found a staircase to the Lair.
  9361 | D:9      | Found a runed translucent gate.
  9361 | D:9      | Found a runed translucent gate.
  9361 | D:9      | Found a runed translucent gate.
  9361 | D:9      | Noticed a red ugly thing
  9361 | D:9      | Noticed a red ugly thing
  9361 | D:9      | Noticed a purple ugly thing
  9362 | D:9      | Noticed a red ugly thing
  9362 | D:9      | Noticed a brown ugly thing
  9362 | D:9      | Noticed a green ugly thing
  9423 | D:9      | Found a white marble altar of Elyvilon.
  9541 | D:9      | Found a staircase to the Orcish Mines.
  9620 | D:9      | Noticed a two-headed ogre
  9630 | D:9      | Killed a two-headed ogre
  9928 | D:9      | 9928 ||| Stepping ~*~*~tactically~*~*~ (hiding).
 10100 | D:9      | Noticed a necromancer
 10108 | D:9      | Killed a necromancer
 10109 | D:9      | Reached skill level 14 in Axes
 10394 | D:9      | 10394 ||| UPGRADING to ring of protection from fire.
 10395 | D:9      | 10395 ||| READING 4 scrolls of identify.
 10395 | D:9      | 10395 ||| IDENTIFYING lumpy puce potion
 10432 | D:10     | Entered Level 10 of the Dungeon
 10448 | D:10     | Found a burning altar of Makhleb.
 10449 | D:10     | 10449 ||| INVOKING Sacrifice Stealth.
 10449 | D:10     | Gained mutation: You cannot be stealthy. [Ru sacrifice]
 10449 | D:10     | Reached *** piety under Ru
 10455 | D:10     | Found a blossoming altar of Fedhas.
 10461 | D:10     | Found a sparkling altar of Nemelex Xobeh.
 10461 | D:10     | Found a broken altar of Ashenzari.
 10468 | D:10     | Found an ancient bone altar of Kikubaaqudgha.
 10586 | D:10     | You fall into a shaft and drop 3 floors!
 10594 | D:13     | Noticed a red ugly thing
 10601 | D:13     | Noticed a centaur warrior
 10602 | D:13     | Killed a red ugly thing
 10603 | D:13     | Reached skill level 6 in Shields
 10611 | D:13     | Killed a centaur warrior
 10914 | D:13     | 10914 ||| Stepping ~*~*~tactically~*~*~ (stealth).
 10920 | D:13     | Reached XP level 11. HP: 82/94 MP: 10/10
 10922 | D:13     | 10922 ||| Stepping ~*~*~tactically~*~*~ (stealth).
 11035 | D:13     | Found a huge runed gate.
 11035 | D:13     | Found a huge runed gate.
 11035 | D:13     | Found a huge runed gate.
 11035 | D:13     | Found a huge runed gate.
 11035 | D:13     | Found a huge runed gate.
 11035 | D:13     | Found a huge runed gate.
 11038 | D:13     | Found a huge runed gate.
 11038 | D:13     | Found a huge runed gate.
 11039 | D:13     | Found a huge runed gate.
 11040 | D:13     | Found a huge runed gate.
 11046 | D:13     | Found a huge runed gate.
 11046 | D:13     | Found a huge runed gate.
 11046 | D:13     | Found a huge runed gate.
 11046 | D:13     | Found a huge runed gate.
 11046 | D:13     | Found a huge runed gate.
 11046 | D:13     | Found a huge runed gate.
 11047 | D:13     | Found a huge runed gate.
 11048 | D:13     | Found a huge runed gate.
 11049 | D:13     | Found a huge runed gate.
 11060 | D:13     | Found a huge runed gate.
 11060 | D:13     | Found a huge runed gate.
 11060 | D:13     | Found a huge runed gate.
 11060 | D:13     | Found a huge runed gate.
 11060 | D:13     | Found a huge runed gate.
 11060 | D:13     | Found a huge runed gate.
 11061 | D:13     | Found a huge runed gate.
 11062 | D:13     | Found a huge runed gate.
 11098 | D:13     | Found a huge runed gate.
 11106 | D:13     | Found a huge runed gate.
 11106 | D:13     | Found a huge runed gate.
 11106 | D:13     | Found a huge runed gate.
 11106 | D:13     | Found a huge runed gate.
 11106 | D:13     | Found a huge runed gate.
 11106 | D:13     | Found a huge runed gate.
 11107 | D:13     | Found a huge runed gate.
 11108 | D:13     | Found a huge runed gate.
 11117 | D:13     | Noticed Kirke
 11127 | D:13     | Killed Kirke
 11128 | D:13     | Reached skill level 15 in Axes
 11138 | D:13     | HP: 16/95 [manticore (13)]
 11139 | D:13     | 11139 ||| READING scroll of teleportation.
 11139 | D:13     | HP: 3/95 [manticore (9)]
 11139 | D:13     | Slain by a manticore

Levels and vault maps discovered:
D:1:      spicycebolla_arrival_ecumenical, layout_basic, minmay_misc_feat_doors,
          due_unseen_surprise
D:2:      minmay_roachtagon, layout_loops_ring, kennysheep_potato
D:3:      cheibrodos_helix_gallery, layout_basic
D:4:      layout_loops_ring, minmay_temple_entry_overgrown,
          nicolae_elevator_lobby_plus
D:5:      layout_loops_ring, gup_sewer_entry_bubbles
D:6:      layout_gridville, mainiacjoe_overflow_concentric_impassable,
          uniq_grinder
D:7:      layout_gridville
D:8:      layout_basic, minmay_shop_damaged, nicolae_lava_and_water, uniq_grum
D:9:      layout_cave_pods, amcnicky_altar_gilded, erik_lair_orcish_takeover,
          ploomutoo_gammafunk_ghost_potion_laboratory, enter_bailey_3,
          eino_house_with_fridge
D:10:     layout_long_grid, mainiacjoe_overflow_cross_hatched,
          nicolae_overflow_hallway_of_the_gods, uniq_harold, uniq_sonja,
          uniq_urug
D:13:     layout_basic, gammafunk_ghost_cemetery, door_vault, uniq_kirke
Temple:   eino_temple_water

Skill      XL: |  1  2  3  4  5  6  7  8  9 10 11 |
---------------+----------------------------------+-----
Axes           | 3 4 5 6 7 9 10 11 13 14 15 | 15.2
Dodging        | 1 3 |  3.3
Fighting       | 4 5 6 7 8 |  8.5
Throwing       | 1 |  1.0
Armour         | 4 5 7 |  7.0
Shields        | 4 4 6 |  6.0

Action                   |  1- 3 |  4- 6 |  7- 9 | 10-12 || total
-------------------------+-------+-------+-------+-------++-------
Melee: War axe           |    89 |    76 |   237 |   162 ||   564
       Headbutt          |    16 |    14 |    39 |    30 ||    99
Throw: Boomerang         |       |    32 |    26 |       ||    58
Invok: Sacrifice Arcana  |       |       |     1 |       ||     1
       Sacrifice Skill   |       |       |     1 |       ||     1
       Sacrifice Stealth |       |       |       |     1 ||     1
  Use: Scroll            |     1 |     5 |     8 |     2 ||    16
       Potion            |     1 |     2 |     2 |       ||     5
 Stab: Distracted        |       |       |     1 |       ||     1
       Invisible         |       |       |     1 |       ||     1
Armor: Scale mail        |    28 |    24 |       |       ||    52
       Chain mail        |       |       |   116 |    10 ||   126
       Plate armour      |       |       |       |    66 ||    66
Dodge: Dodged            |    23 |    28 |    95 |    32 ||   178
Block: Buckler           |    15 |    16 |    42 |    27 ||   100

Table legend:
 A = Non-vault XP
 B = Vault XP
 C = Vault XP percentage of total XP
 D = Non-vault monster count
 E = Vault monster count
 F = Vault count percentage of total count
                 A         B        C        D         E       F
            +---------+---------+-------+---------+---------+-------
      Total |    9373 |    4450 |  32.2 |     172 |      54 |  23.9
            +---------+---------+-------+---------+---------+-------
        D:1 |      40 |       0 |   0.0 |      22 |       0 |   0.0
        D:2 |      30 |      33 |  52.4 |      14 |      11 |  44.0
        D:3 |     195 |       6 |   3.0 |      18 |       2 |  10.0
        D:4 |     534 |       0 |   0.0 |      19 |       0 |   0.0
        D:5 |     385 |      25 |   6.1 |       8 |       7 |  46.7
        D:6 |     885 |     267 |  23.2 |      24 |       1 |   4.0
        D:7 |    1457 |       0 |   0.0 |      20 |       0 |   0.0
        D:8 |    1550 |     550 |  26.2 |      20 |       4 |  16.7
        D:9 |    1928 |    1427 |  42.5 |      20 |      24 |  54.5
       D:13 |    2369 |    2142 |  47.5 |       7 |       5 |  41.7
            +---------+---------+-------+---------+---------+-------
